 Dungeon Sprint DCSS version 0.28-a0-239-g68911e0c57 (webtiles) character file.

Game seed: 17678183824908594399

3179 MikeHunt the Blocker (level 9, -10/74 HPs)
             Began as a Demonspawn Fighter on Aug 23, 2021.
             Was a High Priest of Okawaru.
             Mangled by an orc warrior (25 damage)
             ... led by an orc knight
             ... in the Dungeon (Sprint VII: "The Pits").
             The game lasted 00:04:20 (1030 turns).

MikeHunt the Blocker (Demonspawn Fighter)           Turns: 1030, Time: 00:04:21

Health: -10/74     AC: 17    Str: 18    XL:     9   Next: 63%
Magic:  17/17      EV:  9    Int:  9    God:    Okawaru [*****.]
Gold:   0          SH: 12    Dex: 15    Spells: 8/8 levels left

rFire   . . .      SeeInvis .   q - +2 war axe (vorpal)
rCold   . . .      Faith    .   c - +0 kite shield
rNeg    . . .      Spirit   .   m - +3 chain mail
rPois   .          Reflect  .   (helmet restricted)
rElec   .          Harm     .   r - +0 cloak
rCorr   .          Rampage  .   s - +0 pair of gloves
Will    .....      NoTele   +   (no boots)
Stlth   ..........              (no amulet)
HPRegen 4.22/turn               n - +3 ring of evasion
MPRegen 0.15/turn               o - +3 ring of protection

@: no status effects
A: antennae 2, claws 1, hooves 2, powered by death 1, demonic magic 2
a: Renounce Religion, Heroism, Finesse, Duel


You were in the Dungeon.
You worshipped Okawaru.
Okawaru was extremely pleased with you.
You visited 1 branch

Inventory:

Hand Weapons
 a - a +0 war axe
 q - a +2 vorpal war axe (weapon)
Armour
 b - a +0 scale mail
 c - a +0 kite shield (worn)
 l - a +2 plate armour
 m - a +3 chain mail (worn)
 r - a +0 cloak (worn)
 s - a +0 pair of gloves (worn)
Jewellery
 n - a +3 ring of evasion (left hand)
 o - a +3 ring of protection (right hand)
Scrolls
 j - a scroll of blinking
Potions
 d - 2 potions of might
 e - 7 potions of curing
 f - 9 potions of heal wounds
 g - a potion of haste
 h - 4 potions of magic
 i - 2 potions of berserk rage
 k - a potion of invisibility
 p - 3 potions of resistance
 t - a potion of brilliance


   Skills:
 + Level 7.8 Fighting
 + Level 12.5 Axes
 - Level 2.6 Armour
 + Level 12.7 Shields
 - Level 11.2 Invocations


You had 8 spell levels left.
You didn't know any spells.
Your spell library was empty.

Dungeon Overview and Level Annotations

Branches:
Dungeon (1/1)

Altars:
Ashenzari
Cheibriados
Dithmenos
Elyvilon
Fedhas
Gozag
Hepliaklqana
Kikubaaqudgha
Makhleb
Nemelex Xobeh
Okawaru
Qazlal
Ru
Sif Muna
Trog
Uskayaw
Vehumet
Wu Jian
Xom
Yredelemnul
Zin
The Shining One
Beogh
Jiyva
Lugonu


Innate Abilities, Weirdness & Mutations

You have a pair of antennae on your head.
You have sharp fingernails.
You have hoof-like feet.
You regenerate a little health from kills.
Spells you cast may paralyse nearby enemies.


Message History

You hit the blink frog. You hit the hound. You block the hound's attack.
The blink frog barely misses you. The orc knight closely misses you.
You block the orc warrior's attack. The hound bites you but does no damage.
The orc warrior misses you. The blink frog closely misses you.
You hit the orc knight. You kick the orc knight.
The orc knight is heavily wounded.
You hit the orc warrior. You closely miss the blink frog. You hit the hound.
Your attacks no longer feel as feeble.
You block the hound's attack. You block the blink frog's attack.
The orc knight hits you with a +3 battleaxe!!
The orc warrior completely misses you. You block the orc warrior's attack.
You closely miss the hound. You kick the hound.
You kill the hound!
Okawaru accepts your kill.
Your shield and chain mail prevent you from hitting the blink frog.
You slash the orc warrior! You hit the orc knight.
The orc knight hits you with a +3 battleaxe!
The orc warrior barely misses you. x2
The blink frog hits you but does no damage.
You hit the blink frog. You kick the blink frog.
The blink frog is lightly wounded.
You barely miss the blink frog. x2
Your shield and chain mail prevent you from hitting the orc warrior.
You hit the orc knight but do no damage.
The blink frog hits you! The blink frog hits you.
You block the blink frog's attack. You block the orc knight's attack.
The blink frog blinks!
You block the orc warrior's attack.
The orc warrior hits you but does no damage.
You slash the orc knight!
You kick the orc knight, but do no damage.
The orc knight is almost dead.
You hit the orc warrior.
You hit the blink frog but do no damage.
You miss the blink frog. You hit the blink frog.
The blink frog blinks!
The blink frog hits you but does no damage.
You block the blink frog's attack.
The orc knight hits you with a +3 battleaxe!!
* * * LOW HITPOINT WARNING * * *
The orc warrior hits you from afar with a +0 glaive!!
You die...

#))#####'#####')######
#))##.......##''#####
#))##.......##......+ +
#..##.......##......+ .+
#'###...<...##.....##..#
...##.......##.F.###....
...##.......##).##......
#####.......##)§#F..#..#
#..###########.F@oo.....
#÷############++#oo.#..#
#.#....#..[[# #......
#)#....#....# { ##....
#.÷....'..))# { ..#
#'#....#..))# { .+
'.#....#...)# +
#############


You could see an orc knight, 3 blink frogs, 2 orc warriors and an orc (strong).

Vanquished Creatures
  A smoke demon (D)
  An orange demon (D)
  A guardian mummy (D)
  A blink frog (D)
  4 dream sheep (D)
  A fire bat (D)
  A wraith (D)
  Grum (D)
  2 floating eyes (D)
  An orc warrior (D)
  An ice beast (D)
  4 wolves (D)
  A centaur (D)
  A crimson imp (D)
  2 orc priests (D)
  A hound (D)
  A jelly (D)
  2 orc wizards (D)
  An ufetubus (D)
  5 orcs (D)
  A bat (D)
  An endoplasm (D)
  2 giant cockroaches (D)
  A goblin (D)
  A hobgoblin (D)
  2 jackals (D)
  2 kobolds (D)
  A frilled lizard (D)
  2 rats (D)
46 creatures vanquished.

Notes
Turn   | Place    | Note
-------+----------+-------------------------------------------
     0 | D        | MikeHunt the Demonspawn Fighter began the quest for the
                  | Orb.
     0 | D        | Reached XP level 1. HP: 18/18 MP: 1/1
    17 | D        | Found a bloodstained altar of Trog.
    17 | D        | Found a shimmering blue altar of Sif Muna.
    17 | D        | Found a viscous altar of Jiyva.
    17 | D        | Found a hazy altar of Hepliaklqana.
    17 | D        | Found an opulent altar of Gozag.
    18 | D        | Found a basalt altar of Yredelemnul.
    18 | D        | Found a shimmering altar of Xom.
    18 | D        | Found an ornate altar of the Wu Jian Council.
    18 | D        | Found a sacrificial altar of Ru.
    18 | D        | Found a stormy altar of Qazlal.
    18 | D        | Found an iron altar of Okawaru.
    18 | D        | Found a sparkling altar of Nemelex Xobeh.
    18 | D        | Found a burning altar of Makhleb.
    18 | D        | Found a blossoming altar of Fedhas.
    18 | D        | Found a shadowy altar of Dithmenos.
    18 | D        | Found a snail-covered altar of Cheibriados.
    19 | D        | Found a radiant altar of Vehumet.
    19 | D        | Found a corrupted altar of Lugonu.
    20 | D        | Found an ancient bone altar of Kikubaaqudgha.
    20 | D        | Found a hide-covered altar of Uskayaw.
    20 | D        | Found a broken altar of Ashenzari.
    24 | D        | Became a worshipper of Warmaster Okawaru
    68 | D        | Noticed a floating eye
    68 | D        | Noticed a floating eye
    69 | D        | Paralysed by a floating eye for 4 turns
    74 | D        | Killed a floating eye
    74 | D        | Reached * piety under Okawaru
    75 | D        | Gained mutation: You regenerate a little health from kills.
                  | [demonic ancestry]
    75 | D        | Reached XP level 2. HP: 18/24 MP: 2/2
    75 | D        | Gained mutation: You have large cloven feet. [demonic
                  | ancestry]
    75 | D        | Reached XP level 3. HP: 22/29 MP: 3/3
    75 | D        | Gained mutation: You have a pair of small antennae on your
                  | head. [demonic ancestry]
    75 | D        | Reached XP level 4. HP: 27/35 MP: 4/4
    76 | D        | Paralysed by a floating eye for 3 turns
    79 | D        | Killed a floating eye
    80 | D        | Gained mutation: Spells you cast may paralyse adjacent
                  | enemies. [demonic ancestry]
    80 | D        | Reached XP level 5. HP: 41/41 MP: 5/5
   270 | D        | Noticed an orc warrior
   296 | D        | Killed an orc warrior
   297 | D        | Gained mutation: Spells you cast may paralyse nearby
                  | enemies. [demonic ancestry]
   297 | D        | Reached XP level 6. HP: 28/47 MP: 3/9
   317 | D        | Noticed an ice beast
   347 | D        | Killed an ice beast
   347 | D        | Reached ** piety under Okawaru
   448 | D        | Noticed a guardian mummy
   458 | D        | Killed a guardian mummy
   459 | D        | Reached skill level 10 in Shields
   459 | D        | Gained mutation: You have sharp fingernails. [demonic
                  | ancestry]
   459 | D        | Reached XP level 7. HP: 22/52 MP: 11/13
   616 | D        | Noticed a fire bat
   630 | D        | Killed a fire bat
   630 | D        | Reached *** piety under Okawaru
   631 | D        | Reached skill level 10 in Axes
   654 | D        | Noticed Grum
   654 | D        | Noticed a wraith
   681 | D        | Reached skill level 10 in Invocations
   681 | D        | Gained mutation: You have a pair of antennae on your head.
                  | [demonic ancestry]
   681 | D        | Reached XP level 8. HP: 35/58 MP: 13/15
   688 | D        | Killed Grum
   966 | D        | Noticed a smoke demon
   980 | D        | Killed a smoke demon
   980 | D        | Reached **** piety under Okawaru
   988 | D        | Noticed a dream sheep
   989 | D        | Noticed an orange demon
   989 | D        | Noticed a dream sheep
   989 | D        | Noticed a dream sheep
   989 | D        | Noticed a dream sheep
   995 | D        | Killed a dream sheep
   996 | D        | Reached skill level 5 in Fighting
   996 | D        | Gained mutation: You have hoof-like feet. [demonic
                  | ancestry]
   996 | D        | Reached XP level 9. HP: 25/68 MP: 17/17
  1010 | D        | Noticed an orc knight
  1014 | D        | Killed an orange demon
  1014 | D        | Reached ***** piety under Okawaru
  1030 | D        | Mangled by an orc warrior

Illustrated notes

Levels and vault maps discovered:
D:        pitsprint [storerooms_1, entrance_room_1, metal_vault_4, armoury_2,
          mini_pit_1, grid_room_1, main_hall_1, silver_pit, the_coven_2,
          the_vestibule_1, steel_vault_3, golden_pit, hallway_of_sentries,
          crystal_vault_4, iron_vault_1, final_vault]

Skill      XL: |  1  2  3  4  5  6  7  8  9 |
---------------+----------------------------+-----
Axes           | 6 7 8 9 10 11 12 | 12.5
Shields        | 6 8 10 11 12 | 12.7
Invocations    | 4 8 10 11 | 11.2
Fighting       | 5 7 |  7.8
Armour         | |  2.6

Action                   |  1- 3 |  4- 6 |  7- 9 || total
-------------------------+-------+-------+-------++-------
Melee: War axe           |    12 |    90 |    83 ||   185
       Kick              |       |    22 |    28 ||    50
Invok: Heroism           |       |     1 |     2 ||     3
  Use: Potion            |       |       |     5 ||     5
 Stab: Invisible         |       |       |     2 ||     2
Armor: Scale mail        |     8 |       |       ||     8
       Chain mail        |       |    40 |    55 ||    95
Dodge: Dodged            |     3 |     9 |    35 ||    47
Block: Kite shield       |     4 |    34 |    76 ||   114

Table legend: (Time is in decaauts)
 A = Elapsed time spent in this place.
 B = Non-inter-level travel time spent in this place.
 C = Inter-level travel time spent in this place.
 D = Time resting spent in this place.
 E = Time spent auto-exploring this place.
 F = Levels seen in this place.
 G = Mean time per level.
                   A        B        C        D        E       F      G
               +--------+--------+--------+--------+--------+-----+--------+
         Total |   1047 |   1004 |     43 |    521 |      0 |   1 | 1047.0 |
       Dungeon |   1047 |   1004 |     43 |    521 |      0 |   1 | 1047.0 |
               +--------+--------+--------+--------+--------+-----+--------+

Top non-repeatable levels by time:
       D: 1047 daAuts
